 Dungeon Crawl Stone Soup version 0.20-a0-1122-gb7cbeb9 (webtiles) character file.

245 M4edhros the Covert (level 6, -5/38 HPs)
             Began as an Octopode Artificer on May 12, 2017.
             Killed from afar by Dowan (9 damage)
             ... with a puff of flame
             ... on level 4 of the Dungeon.
             The game lasted 00:02:23 (1489 turns).

M4edhros the Covert (Octopode Artificer)            Turns: 1489, Time: 00:02:24

Health: -5/38      AC:  1    Str: 11    XL:     6   Next: 10%
Magic:  17/17      EV: 13    Int: 13    God:
Gold:   107        SH:  0    Dex: 15    Spells: 5/5 levels left

rFire    . . .     SeeInvis .   o - +1 short sword (venom)
rCold    . . .     Gourm    .   (no shield)
rNeg     . . .     Faith    .   (helmet restricted)
rPois    .         Spirit   .   (no amulet)
rElec    .         Reflect  .   t - ring of magical power
rCorr    .         Harm     .   (no ring)
MR       .....                  (no ring)
Stlth    +++++.....             (no ring)
Regen    0.2/turn               (no ring)
MPRegen  0.2/turn               (no ring)
                                (no ring)
                                (no ring)

@: no status effects
A: almost no armour, stealthy swim, amphibious, 8 rings, constrict 8, camouflage
1, gelatinous body 1
a: no special abilities


You were on level 4 of the Dungeon.
You were near starving.

You visited 1 branch of the dungeon, and saw 5 of its levels.

You collected 107 gold pieces.

Inventory:

Hand Weapons
 a - a +0 short sword
 e - a +0 spear
 o - a +1 short sword of venom (weapon)
 v - a +1 war axe of flaming
Jewellery
 t - a ring of magical power (left tentacle)
Wands
 b - a wand of flame (14/48)
 c - a wand of enslavement (6/24)
 d - a wand of random effects (14/48)
 s - a wand of iceblast (9/15)
Scrolls
 g - a scroll of amnesia {unknown}
 i - a scroll of fear {unknown}
 j - 2 scrolls of magic mapping {unknown}
 m - a scroll of identify {unknown}
 r - a scroll of recharging {unknown}
 u - a scroll of blinking {unknown}
Potions
 h - a potion of agility {unknown}
 k - a potion of invisibility {unknown}
 l - a potion of curing {unknown}
 p - a potion of mutation {unknown}
Comestibles
 f - a bread ration
 n - a meat ration
 q - a royal jelly


   Skills:
 - Level 1.0 Fighting
 - Level 1.0 Short Blades
 - Level 2.0 Dodging
 + Level 8.5 Stealth
 - Level 3.2 Evocations


You had 5 spell levels left.
You didn't know any spells.

Dungeon Overview and Level Annotations

Branches:
Dungeon (5/15)
 Temple: D:4-7

Altars:
The Shining One

Annotations:
D:3 Toogi's ghost, amateur DrMo
D:4 Dowan; Duvessa


Innate Abilities, Weirdness & Mutations

You cannot wear most types of armour.
You are very stealthy in the water. (Stealth+)
You are amphibious.
You can wear up to eight rings at the same time.
You can use your tentacles to constrict eight enemies at once.
Your skin changes colour to match your surroundings (Stealth+).
Your rubbery body absorbs attacks. (AC +1, EV +1)


Message History

* * * LOW HITPOINT WARNING * * *
Duvessa burns you.
* * * LOW HITPOINT WARNING * * *
Evoke which item? (* to show all) (? for menu, Esc to quit)
Aiming: Enslavement
Press: ? - help, Shift-Dir - straight line, f/p - Duvessa
Aim: Duvessa, wielding a short sword of flaming and wearing a chain mail (chance to defeat MR: 37%) Duvessa resists with some effort.
This wand has 7 charges left.
Duvessa hits you with a short sword of flaming.
* * * LOW HITPOINT WARNING * * *
Duvessa burns you.
* * * LOW HITPOINT WARNING * * *
Evoke which item? (* to show all) (? for menu, Esc to quit)
Aiming: Enslavement
Press: ? - help, Shift-Dir - straight line, f/p - Duvessa
Aim: Duvessa, wielding a short sword of flaming and wearing a chain mail (chance to defeat MR: 37%) Duvessa is charmed.
This wand has 6 charges left.
Dowan gestures at you while chanting. The puff of flame hits you!
You die...

..#
#...#......#
#.#
##..##....# +#
####..##....##
#............#
#............#
#.....##....##
#.....##e...##
###...##.....#
##+###@....#
#.e....#
#......#
###+####


You could see Dowan and the friendly Duvessa.

Vanquished Creatures
  Edmund (D:4)
  An orc priest (D:5)
  2 worker ants (D:4)
  A gnoll (D:1)
  A dart slug (D:2)
  7 orcs
  4 giant cockroaches
  A goblin (D:3)
  3 hobgoblins
  4 jackals (D:2)
  3 kobolds
  2 frilled lizards
  3 rats
33 creatures vanquished.

Vanquished Creatures (collateral kills)
  An orc (D:4)
1 creature vanquished.

Grand Total: 34 creatures vanquished

Notes
Turn   | Place    | Note
-------+----------+-------------------------------------------
     0 | D:1      | M4edhros the Octopode Artificer began the quest for the Orb.
     0 | D:1      | Reached XP level 1. HP: 13/13 MP: 3/3
    10 | D:1      | Reached skill level 3 in Stealth
    10 | D:1      | Reached XP level 2. HP: 11/18 MP: 4/4
   184 | D:1      | Found a glowing golden altar of the Shining One.
   265 | D:2      | Reached skill level 4 in Stealth
   266 | D:2      | Reached XP level 3. HP: 15/23 MP: 5/5
   695 | D:3      | Noticed Toogi's ghost (amateur DrMo)
   766 | D:4      | Reached skill level 5 in Stealth
   766 | D:4      | Reached XP level 4. HP: 21/28 MP: 6/6
   783 | D:4      | Reached skill level 6 in Stealth
   989 | D:5      | Entered Level 5 of the Dungeon
   990 | D:5      | Reached XP level 5. HP: 26/33 MP: 7/7
  1003 | D:5      | HP: 1/33 [centaur zombie (6)]
  1269 | D:4      | Noticed Edmund
  1276 | D:4      | Killed Edmund
  1276 | D:4      | Reached skill level 8 in Stealth
  1276 | D:4      | Reached XP level 6. HP: 16/38 MP: 8/8
  1480 | D:4      | Noticed Duvessa
  1482 | D:4      | Noticed Dowan
  1489 | D:4      | Killed from afar by Dowan

Vault maps used:
D:1:      sevenhm_arrival_forest_fort_large_4, serial_bayou_pond_e, st_stairs_4,
          tso_metal_star
D:3:      nicolae_overflow_hidden_temple, uniq_natasha
D:4:      first_bread, uniq_duvessa, uniq_edmund
D:5:      corner_web_ring, uniq_crazy_yiuf_cottage

Skill      XL: |  1  2  3  4  5 |
---------------+----------------+-----
Stealth        | 3 4 5 6 8 |  8.5
Fighting       | |  1.0
Short Blades   | |  1.0
Dodging        | |  2.0
Evocations     | |  3.2

Action                   |  1- 3 |  4- 6 || total
-------------------------+-------+-------++-------
Melee: Short sword       |    42 |    24 ||    66
       Constrict         |    12 |     5 ||    17
       Tentacles         |     8 |     3 ||    11
Evoke: Wand              |     2 |     9 ||    11
 Stab: Sleeping          |     5 |     6 ||    11
Armor: Skin              |     3 |     1 ||     4
Dodge: Dodged            |    31 |     9 ||    40
